 Dungeon Crawl Stone Soup version 0.28-a0-1033-g1a2f33fa85 (webtiles) character file.

Game seed: 507176162218871898

108 freelancePsychic the Sneak (level 4, 0/27 (33) HPs)
             Began as a Demonspawn Brigand on Dec 8, 2021.
             Slain by an orc (1 damage)
             ... on level 3 of the Dungeon.
             The game lasted 00:06:22 (3660 turns).

freelancePsychic the Sneak (Demonspawn Brigand)     Turns: 3660, Time: 00:06:23

HP:   0/27 (33)     AC:  3    Str:  9 (12) XL:     4   Next: 58%
MP:   6/6           EV: 11    Int: 13 (14) God:
Gold: 201           SH:  0    Dex: 13 (14) Spells: 5/6 levels left

rFire   . . .      SeeInvis .   a - +2 dagger
rCold   . . .      Faith    .   (no shield)
rNeg    . . .      Spirit   .   b - +0 robe
rPois   .          Reflect  .   (helmet restricted)
rElec   .          Harm     .   c - +0 cloak
rCorr   .          Rampage  .   (no gloves)
Will    .....                   (no boots)
Stlth   ++........              (no amulet)
HPRegen 0.09/turn               (no ring)
MPRegen 0.10/turn               (no ring)

@: about to teleport, heavily drained
A: antennae 1, powered by death 1
a: no special abilities


You were on level 3 of the Dungeon.
You visited 1 branch of the dungeon, and saw 4 of its levels.

You collected 201 gold pieces.

Inventory:

Hand Weapons
 a - a +2 dagger (weapon)
 p - the +5 spear of the Jumping Queen {flame, rN+ Will+ Int+2}
   (You found it on level 4 of the Dungeon)

   It burns those it strikes, dealing additional fire damage.
   Int:       It affects your intelligence (+2).
   rN:        It protects you from negative energy.
   Will:      It increases your willpower.
Missiles
 d - 14 poisoned darts
 j - 2 javelins
Armour
 b - a +0 robe (worn)
 c - a +0 cloak (worn)
Jewellery
 l - a ring of poison resistance
Scrolls
 e - a scroll of identify {unknown}
 f - a scroll of magic mapping {unknown}
 h - a scroll of immolation {unknown}
 k - a scroll of silence {unknown}
 m - a scroll of amnesia {unknown}
 o - a scroll of fog
Potions
 g - a potion of lignification {unknown}
 i - a potion of curing {unknown}
 q - a potion of haste {unknown}


   Skills:
 - Level 2.2 Fighting
 - Level 2.3 Short Blades
 - Level 1.7 Throwing
 - Level 0.8 Dodging
 - Level 3.6 Stealth
 + Level 1.7 Spellcasting
 + Level 2.0 Conjurations
 + Level 1.7 Translocations


You had 5 spell levels left.
You knew the following spells:

 Your Spells              Type           Power      Damage    Failure   Level
a - Magic Dart            Conj           24%        1d4       12%         1

Your spell library contained the following spells:

 Spells                   Type           Power      Damage    Failure   Level
 Call Imp                 Summ           1%         N/A       36%         2
 Dazzling Flash           Conj/Hex       6%         N/A       45%         3
 Mephitic Cloud           Conj/Pois/Air  2%         N/A       52%         3
 Iskenderun's Mystic Bla  Conj/Tloc      6%         2d4       77%         4
 Starburst                Conj/Fire      1%         6d3       100%        6


Dungeon Overview and Level Annotations

Branches:
Dungeon (4/15)
 Temple: D:4-7

Altars:

Annotations:
D:3 exclusion: phantom
D:4 exclusion: 2 upstairs, Dowan, Duvessa, Edmund


Innate Abilities, Weirdness & Mutations

You have a pair of small antennae on your head.
You regenerate a little health from kills.


Message History

Edmund clears his throat.
Edmund says, "You wouldn't believe how much I paid for this flail."
There is a stone staircase leading up here.
This staircase is marked as excluded!
Enter next level anyway?
You climb upwards.
Level annotation: exclusion: phantom
There is a stone staircase leading down here.
There is a stone staircase leading down here.
You climb downwards.
Level annotation: exclusion: 2 upstairs, Dowan, Duvessa, Edmund The orc shouts!
The hound barks!
The orc shouts!
Found a pitted spear.
There is a stone staircase leading up here.
A giant cockroach comes into view.
The hound bites you.
The orc hits you with a +1 mace of draining.
You feel drained.
You see here the +5 spear of the Jumping Queen {flame, rN+ Will+ Int+2}.
p - the +5 spear of the Jumping Queen {flame, rN+ Will+ Int+2} The orc shouts!
The hound barely misses you.
The orc hits you with a +1 mace of draining.
You feel drained. The hound closely misses you. The hound bites you.
The orc closely misses you. The hound bites you.
There is a stone staircase leading up here.
The hound bites you but does no damage.
The orc hits you with a +1 mace of draining.
You feel drained.
You climb upwards.
Level annotation: exclusion: phantom
There is a stone staircase leading down here.
As you read the scroll labelled DANEAKUSSI, it crumbles to dust.
You feel strangely unstable.
It was a scroll of teleportation.
The hound barely misses you.
The orc hits you with a +1 mace of draining!
* * * LOW HITPOINT WARNING * * *
You feel drained.
You die...

.## ##.###...###.#.# #.# #.# #.#
#.###............#.# #.# #.###.#
##.#.#####..<#####.####.# #.....#
##.## ##.## #...##.# #####.# ###
#.########.##.# #.# #......#
#.##.# #.# ######.#
#.##>#######.# #h# #.##.........#
#@# #............# ##
#o###.##########[#
.###############............^....
.##..................##########.#
......#####........#.# #######..
#####.# #.######<#.# #........ #
#.# #.# #.#.# #.#####.. # #.# #.#
#.#.# #.# #.# # #.# #.# #.#.# #.#
#.#


You could see a hound and an orc.

Vanquished Creatures
  4 adders
  A white imp (D:3)
  3 dart slugs
  A worm (D:3)
  4 endoplasms
  2 giant cockroaches
  3 goblins
  5 hobgoblins
  2 jackals (D:1)
  4 quokkas
  9 ball pythons
  3 bats
  3 frilled lizards
  7 kobolds
  2 rats
53 creatures vanquished.

Notes
Turn   | Place    | Note
-------+----------+-------------------------------------------
     0 | D:1      | freelancePsychic the Demonspawn Brigand began the quest for
                  | the Orb.
     0 | D:1      | Reached XP level 1. HP: 16/16 MP: 1/1
    37 | D:1      | Found a faded altar of an unknown god.
   340 | D:1      | Gained mutation: You regenerate a little health from kills.
                  | [demonic ancestry]
   340 | D:1      | Reached XP level 2. HP: 22/22 MP: 2/2
  1274 | D:2      | Reached XP level 3. HP: 27/27 MP: 2/4
  1305 | D:2      | Reached skill level 1 in Conjurations
  1447 | D:2      | Reached skill level 1 in Spellcasting
  1447 | D:2      | Reached skill level 1 in Translocations
  1990 | D:3      | Noticed a phantom
  2392 | D:3      | Gained mutation: You have a pair of small antennae on your
                  | head. [demonic ancestry]
  2392 | D:3      | Reached XP level 4. HP: 12/33 MP: 6/6
  3577 | D:3      | Learned a level 1 spell: Magic Dart
  3620 | D:4      | Noticed Edmund
  3621 | D:4      | Noticed Dowan
  3621 | D:4      | Noticed Duvessa
  3654 | D:4      | Identified the +5 spear of the Jumping Queen {flame, rN+
                  | Will+ Int+2}
  3660 | D:3      | HP: 1/29 [orc (8)]
  3660 | D:3      | Slain by an orc

Illustrated notes

Levels and vault maps discovered:
D:1:      ncdulo_halloftheorcs, layout_loops_corners,
          shapermc_ecumenical_altar_starsandcircs, kennysheep_minor_cross
D:2:      layout_basic
D:3:      layout_loops_ring, grunt_ministairs_8, minivault_14,
          minmay_quadrilaterals
D:4:      layout_rooms, uniq_menkaure, uniq_duvessa, uniq_edmund

Skill      XL: |  1  2  3  4 |
---------------+-------------+-----
Short Blades   | 2 |  2.3
Conjurations   | 1 2 |  2.0
Spellcasting   | 1 |  1.7
Translocations | 1 |  1.7
Fighting       | |  2.2
Throwing       | |  1.7
Dodging        | |  0.8
Stealth        | |  3.6

Action                   |  1- 3 |  4- 6 || total
-------------------------+-------+-------++-------
Melee: Dagger            |   125 |    53 ||   178
Throw: Dart              |     8 |    22 ||    30
  Use: Potion            |       |     4 ||     4
       Scroll            |       |     2 ||     2
 Stab: Sleeping          |     9 |     1 ||    10
Armor: Robe              |    26 |    11 ||    37
Dodge: Dodged            |    63 |    47 ||   110

Table legend: (Time is in decaauts)
 A = Elapsed time spent in this place.
 B = Non-inter-level travel time spent in this place.
 C = Inter-level travel time spent in this place.
 D = Time resting spent in this place.
 E = Time spent auto-exploring this place.
 F = Levels seen in this place.
 G = Mean time per level.
                   A        B        C        D        E       F      G
               +--------+--------+--------+--------+--------+-----+--------+
         Total |   3642 |   3528 |    114 |     14 |   2979 |   4 |  910.5 |
       Dungeon |   3642 |   3528 |    114 |     14 |   2979 |   4 |  910.5 |
               +--------+--------+--------+--------+--------+-----+--------+

Top non-repeatable levels by time:
     D:3: 1572 daAuts
     D:1: 1283 daAuts
     D:2: 731 daAuts
     D:4: 55 daAuts
